 Dungeon Crawl Stone Soup version 0.28-a0-1560-g060a6a1bfc (webtiles) character file.

Game seed: 10753348738086529396

926 Lekart the Chopper (level 7, -2/54 HPs)
             Began as a Black Draconian Chaos Knight on Jan 19, 2022.
             Was a Plaything of Xom.
             Slain by an ice beast (7 damage)
             ... on level 5 of the Dungeon.
             The game lasted 00:10:10 (6577 turns).

Lekart the Chopper (Black Draconian Chaos Knight)   Turns: 6577, Time: 00:10:11

Health: -2/54      AC:  6    Str: 14    XL:     7   Next: 85%
Magic:  7/7        EV: 14    Int: 12    God:    Xom [..*...]
Gold:   793        SH:  0    Dex: 13    Spells: 6/6 levels left

rFire   . . .      SeeInvis .   a - +1 hand axe (chaos)
rCold   . . .      Faith    .   (no shield)
rNeg    . . .      Spirit   .   (armour unavailable)
rPois   .          Reflect  .   (helmet restricted)
rElec   +          Harm     .   (no cloak)
rCorr   .          Rampage  .   (no gloves)
Will    +....                   (no boots)
Stlth   +.........              (no amulet)
HPRegen 0.18/turn               (no ring)
MPRegen 0.10/turn               (no ring)

@: short of breath, slowed, unable to read, very slow
A: breathe lightning, AC +6, unfitting armour, electricity resistance,
cold-blooded, frail 1, strong-willed 1, screaming 1, inability to read while
threatened
a: Breathe Lightning, Renounce Religion


You were on level 5 of the Dungeon.
You worshipped Xom.
You were a toy of Xom.
You visited 2 branches of the dungeon, and saw 6 of its levels.

You collected 793 gold pieces.

Inventory:

Hand Weapons
 a - a +1 hand axe of chaos (weapon)
Missiles
 i - 2 javelins (quivered)
Jewellery
 e - a ring of poison resistance
 q - an amulet of magic regeneration
 r - a +4 ring of evasion
Wands
 c - a wand of acid (3)
Scrolls
 n - a scroll of enchant armour
Potions
 b - a potion of haste
 g - a potion of might
 m - a potion of invisibility
 o - 2 potions of degeneration {unknown}
 p - a potion of attraction {unknown}


   Skills:
 + Level 5.0 Fighting
 + Level 6.4 Axes
 + Level 1.5 Throwing
 * Level 5.5 Dodging


You had 6 spell levels left.
You didn't know any spells.
Your spell library contained the following spells:

 Spells                   Type           Power      Damage    Failure   Level
 Sting                    Tmut/Pois      0%         1d3       32%         1
 Ensorcelled Hibernation  Hex/Ice        0%         N/A       45%         2
 Poisonous Vapours        Pois/Air       0%         N/A       45%         2
 Spider Form              Tmut/Pois      0%         N/A       69%         3
 Anguish                  Hex/Necr       0%         N/A       97%         4
 Olgreb's Toxic Radiance  Pois           0%         N/A       97%         4


Dungeon Overview and Level Annotations

Branches:
Dungeon (5/15)             Temple (1/1) D:4

Altars:
Ashenzari
Fedhas
Gozag
Hepliaklqana
Kikubaaqudgha
Nemelex Xobeh
Ru
Uskayaw
Vehumet
Xom
Zin

Shops:
D:3 [

Annotations:
D:2 exclusion: downstairs


Innate Abilities, Weirdness & Mutations

You can breathe wild blasts of lightning.
Your glossy black scales are hard. (AC +6)
You cannot fit into any form of body armour.
You are resistant to electric shocks. (rElec)
You are cold-blooded and may be slowed by cold attacks.
You are frail. (-10% HP)
You are strong-willed. (Will+)
You occasionally shout uncontrollably at your foes.
You sometimes lose the ability to read scrolls when taking damage.


Message History

You hit Blork the orc.
Your tail-slap misses Blork the orc.
Blork the orc is severely wounded.
You hit the ice beast.
You feel better. Blork the orc closely misses you. The ice beast hits you.
The ice beast freezes you!
You feel yourself slow down.
You hit Blork the orc but do no damage.
Blork the orc is severely wounded.
You hit the ice beast but do no damage.
Blork the orc hits you with a +0 scimitar!
You feel threatened and lose the ability to read scrolls!
The ice beast hits you but does no damage.
Blork the orc barely misses you.
You slash Blork the orc!
You kill Blork the orc!
You closely miss the ice beast.
You feel yourself speed up.
You can read scrolls again.
The ice beast misses you. The ice beast closely misses you.
Your Fighting skill increases to level 5!
You hit the ice beast.
The ice beast suddenly stops moving!
The ice beast is moderately wounded.
The helpless ice beast fails to defend itself.
You hit the ice beast.
The ice beast seems to grow stronger.
The ice beast is heavily wounded.
The ice beast is no longer paralysed.
The ice beast hits you.
You feel threatened and lose the ability to read scrolls!
The ice beast freezes you!
* * * LOW HITPOINT WARNING * * *
You closely miss the ice beast. You tail-slap the ice beast.
The ice beast is heavily wounded.
The ice beast hits you.
* * * LOW HITPOINT WARNING * * *
The ice beast freezes you!
You feel yourself slow down.
* * * LOW HITPOINT WARNING * * *
You cannot read scrolls in your current state!
You feel better. The ice beast hits you.
* * * LOW HITPOINT WARNING * * *
The ice beast freezes you!
You feel as though you will be slow longer.
You die...
Xom chuckles heartily!

>................#.........##...#
.......##..#.....##..#.....#.....
.......# .##........###..........
.....### ##..###.............#..
...##.. .#...................#..
.... .. .......###..............
... .. .##....##...............
.......................
#......@..............
......)Y.........#....
.......#..#......##.<
.....>###.#.......# .....#
..##.....## ..:.. ..# ##...# ....
... ..# (... .


You could see an ice beast (strong).

Vanquished Creatures
  Blork the orc (D:5)
  A scorpion (D:4)
  2 orc priests (D:5)
  A hound (D:5)
  A jelly (D:4)
  A centaur skeleton (D:4)
  An iguana (D:4)
  2 orc wizards
  4 adders
  2 gnolls (D:3)
  An adder skeleton (D:4)
  2 worms
  2 dart slugs
  13 orcs
  3 bats
  5 endoplasms
  7 giant cockroaches
  A goblin (D:1)
  5 hobgoblins
  5 ball pythons
  3 frilled lizards
  6 kobolds
  9 rats
78 creatures vanquished.

Vanquished Creatures (collateral kills)
  2 black bears
  A necrophage (D:4)
  An ogre (D:5)
  A bullfrog zombie (D:5)
  A centaur zombie (D:5)
  An orc wizard (D:5)
  A white imp (D:5)
  An orc (D:5)
9 creatures vanquished.

Grand Total: 87 creatures vanquished

Notes
Turn   | Place    | Note
-------+----------+-------------------------------------------
     0 | D:1      | Lekart the Draconian Chaos Knight began the quest for the
                  | Orb.
     0 | D:1      | Reached XP level 1. HP: 19/19 MP: 1/1
   135 | D:1      | XOM: silly message
   384 | D:1      | XOM: silly message
   392 | D:1      | XOM: silly message
   395 | D:1      | Reached XP level 2. HP: 26/26 MP: 2/2
   841 | D:1      | XOM: noise
  1303 | D:1      | XOM: scenery: summon butterflies
  1359 | D:2      | XOM: noise
  1408 | D:2      | Reached XP level 3. HP: 26/33 MP: 3/3
  1498 | D:2      | You fall into a shaft and drop 2 floors!
  1502 | D:4      | Noticed a necrophage
  1502 | D:4      | Noticed a black bear
  1503 | D:4      | XOM: destruction
  1506 | D:4      | XOM: summons 3 friendly demons
  1508 | D:4      | Killed a necrophage
  1509 | D:4      | Reached XP level 4. HP: 26/40 MP: 4/4
  1514 | D:4      | Killed a black bear
  1515 | D:4      | Reached skill level 4 in Axes
  1515 | D:4      | Reached XP level 5. HP: 24/46 MP: 5/5
  1743 | D:3      | XOM: stat loss: -1 Str (13/14)
  2133 | D:2      | Reached XP level 6. HP: 51/52 MP: 6/6
  2141 | D:2      | Reached skill level 5 in Axes
  2376 | D:2      | XOM: silly message
  2475 | D:2      | XOM: give mutations
  2475 | D:2      | Gained mutation: You occasionally shout uncontrollably at
                  | your foes. [Xom's mischief]
  2475 | D:2      | Gained mutation: You expend magic power (3 MP) to
                  | strengthen your wands. [Xom's mischief]
  2475 | D:2      | Gained mutation: Your large and strong wings let you fly.
                  | [Xom's mischief]
  2475 | D:2      | Lost mutation: You expend magic power (3 MP) to strengthen
                  | your wands. [Xom's mischief]
  2487 | D:2      | Found a faded altar of an unknown god.
  2628 | D:2      | Found a shimmering altar of Xom.
  2828 | D:3      | XOM: smoke on damage
  3384 | D:3      | Found Zaeczeraj's Armour Shoppe.
  3561 | D:3      | XOM: summons 3 hostile demons
  3833 | D:3      | Found a hazy altar of Hepliaklqana.
  4242 | D:4      | XOM: give mutations
  4242 | D:4      | Gained mutation: Your body sometimes deteriorates upon
                  | taking damage. [Xom's mischief]
  4242 | D:4      | Gained mutation: You sometimes lose the ability to read
                  | scrolls when taking damage. [Xom's mischief]
  4242 | D:4      | Gained mutation: You frequently scream uncontrollably at
                  | your foes. [Xom's mischief]
  4502 | D:4      | XOM: cloud trail
  4731 | D:4      | XOM: divination: magic mapping
  4937 | D:4      | Found a staircase to the Ecumenical Temple.
  4964 | D:4      | Reached skill level 1 in Throwing
  4972 | Temple   | Entered the Ecumenical Temple
  5078 | Temple   | XOM: give mutations
  5078 | Temple   | Gained mutation: Your tail ends in a venomous barb. [Xom's
                  | mischief]
  5078 | Temple   | Gained mutation: You are frail. (-10% HP) [Xom's mischief]
  5078 | Temple   | Gained mutation: You have a pair of small horns on your
                  | head. [Xom's mischief]
  5078 | Temple   | Lost mutation: Your large and strong wings let you fly.
                  | [Xom's mischief]
  5296 | D:4      | Lost mutation: Your tail ends in a venomous barb. [potion
                  | of mutation]
  5296 | D:4      | Lost mutation: You have a pair of small horns on your head.
                  | [potion of mutation]
  5296 | D:4      | Lost mutation: You frequently scream uncontrollably at your
                  | foes. [potion of mutation]
  5296 | D:4      | Gained mutation: You are strong-willed. (Will+) [potion of
                  | mutation]
  5298 | D:4      | Identified a scroll of acquirement
  5298 | D:4      | Acquired 627 gold pieces
  5369 | D:4      | XOM: cloud trail
  5378 | D:4      | XOM: god gift: 10 stones
  5761 | D:5      | Entered Level 5 of the Dungeon
  5785 | D:5      | Your scales start taking on a glossy black colour.
  5785 | D:5      | Reached XP level 7. HP: 23/54 MP: 7/7
  5785 | D:5      | Gained mutation: You are resistant to electric shocks.
                  | (rElec) [Black Draconian growth]
  5867 | D:5      | XOM: scenery: create altars
  5872 | D:5      | Reached skill level 5 in Dodging
  5883 | D:5      | Reached skill level 6 in Axes
  6156 | D:5      | XOM: enchant monster (good)
  6157 | D:5      | XOM: divination: detect creatures
  6288 | D:5      | XOM: give mutation
  6288 | D:5      | Lost mutation: Your body sometimes deteriorates upon taking
                  | damage. [Xom's mischief]
  6327 | D:5      | XOM: cloud trail
  6542 | D:5      | XOM: god gift: 27 arrows
  6561 | D:5      | Noticed Blork the orc
  6573 | D:5      | Killed Blork the orc
  6574 | D:5      | Reached skill level 5 in Fighting
  6577 | D:5      | Slain by an ice beast

Illustrated notes

Levels and vault maps discovered:
D:1:      dpeg_arrival_castle, layout_basic, serial_forest,
          infiniplex_forest_end_2, infiniplex_forest_straight_2,
          infiniplex_forest_lined_3, infiniplex_forest_straight_3,
          infiniplex_forest_corner_2
D:2:      layout_basic, basic_altar, hellmonk_ecumenical_altar_arch_garden,
          minmay_cupped
D:3:      layout_loops_corners, overflow_temple_1_default, serial_shops,
          nicolae_shop_window_shopping
D:4:      layout_layer_cave, minmay_temple_entry_overgrown
D:5:      layout_cave_pools, uniq_blork_the_orc
Temple:   jpeg_temple_island

Skill      XL: |  1  2  3  4  5  6  7 |
---------------+----------------------+-----
Fighting       | 4 5 |  5.0
Dodging        | 3 4 5 |  5.5
Axes           | 4 5 6 |  6.4
Throwing       | 1 |  1.5

Action                   |  1- 3 |  4- 6 |  7- 9 || total
-------------------------+-------+-------+-------++-------
Melee: Hand axe          |    67 |   138 |    32 ||   237
       Tailslap          |     6 |    20 |     5 ||    31
       Punch             |       |     1 |       ||     1
Throw: Javelin           |     1 |    21 |     4 ||    26
 Abil: Breathe Lightning |       |       |     2 ||     2
  Use: Potion            |       |     2 |     1 ||     3
       Scroll            |       |     1 |     9 ||    10
 Stab: Sleeping          |     1 |       |       ||     1
       Paralysed         |       |       |     2 ||     2
Armor: Skin              |    31 |    50 |     9 ||    90
Dodge: Dodged            |    43 |   117 |    21 ||   181

Table legend: (Time is in decaauts)
 A = Elapsed time spent in this place.
 B = Non-inter-level travel time spent in this place.
 C = Inter-level travel time spent in this place.
 D = Time resting spent in this place.
 E = Time spent auto-exploring this place.
 F = Levels seen in this place.
 G = Mean time per level.
                   A        B        C        D        E       F      G
               +--------+--------+--------+--------+--------+-----+--------+
         Total |   6656 |   6449 |    207 |   1164 |   4419 |   6 | 1109.3 |
       Dungeon |   6289 |   6105 |    184 |   1164 |   4082 |   5 | 1257.8 |
        Temple |    366 |    344 |     22 |      0 |    336 |   1 |  366.0 |
               +--------+--------+--------+--------+--------+-----+--------+

Top non-repeatable levels by time:
     D:4: 1646 daAuts
     D:2: 1554 daAuts
     D:1: 1315 daAuts
     D:3: 1157 daAuts
     D:5: 615 daAuts
  Temple: 366 daAuts
